 Dungeon Crawl Stone Soup version 0.26-a0-639-g72c4674329 (webtiles) character file.

Game seed: 17690893443238484965

1251 Kaptain the Sneak (level 8, -9/52 HPs)
             Began as an Octopode Hedge Wizard on Sept 16, 2020.
             Mangled by an ogre
             ... wielding a +0 giant spiked club
              (22 damage)
             ... on level 6 of the Dungeon.
             The game lasted 00:25:10 (8208 turns).

Kaptain the Sneak (Octopode Hedge Wizard)           Turns: 8208, Time: 00:25:11

Health: -9/52      AC:  1    Str: 10    XL:     8   Next: 51%
Magic:  3/16       EV: 14    Int: 18    God:
Gold:   187        SH:  0    Dex: 11    Spells: 10/18 levels left

rFire    . . .     SeeInvis .   a - +0 rapier
rCold    + . .     Faith    .   (no shield)
rNeg     + . .     Spirit   .   b - +0 hat
rPois    .         Reflect  .   (no amulet)
rElec    .         Harm     .   h - ring of positive energy
rCorr    .         Rampage  .   n - ring of protection from cold
MR       .....                  (no ring)
Stlth    ++++......             (no ring)
HPRegen  0.17/turn              (no ring)
MPRegen  0.15/turn              (no ring)
                                (no ring)
                                (no ring)

@: lethally poisoned (-9 -> -10), very slightly contaminated, hasted, very quick
A: almost no armour, stealthy swim, amphibious, 8 rings, constrict 8, camouflage
1, gelatinous body 1
a: no special abilities


You were on level 6 of the Dungeon.
You visited 2 branches of the dungeon, and saw 7 of its levels.

You collected 187 gold pieces.

Inventory:

Hand Weapons
 a - a +0 rapier (weapon)
 c - a +2 dagger of freezing
 o - a +0 vorpal long sword
 r - a cursed -1 hunting sling
Missiles
 k - 155 stones (quivered)
Armour
 b - a +0 hat (worn)
Jewellery
 h - a ring of positive energy (left tentacle)
 n - a ring of protection from cold (right tentacle)
Scrolls
 e - a scroll of fog
 i - 3 scrolls of enchant weapon {unknown}
 j - 2 scrolls of enchant armour {unknown}
 l - 3 scrolls of teleportation {unknown}
 m - 2 scrolls of blinking {unknown}
 s - 3 scrolls of remove curse {unknown}
 t - 7 scrolls of identify
 u - 2 scrolls of magic mapping {unknown}
Potions
 f - a potion of mutation {unknown}
 g - a potion of curing {unknown}
 p - 2 potions of stabbing
 q - 2 potions of brilliance
 v - 2 potions of ambrosia {unknown}
 w - 2 potions of haste


   Skills:
 + Level 3.4 Fighting
 + Level 4.0 Dodging
 + Level 5.9 Stealth
 * Level 5.7 Spellcasting
 * Level 5.4 Conjurations
 - Level 1.0 Summonings
 - Level 1.0 Translocations


You had 10 spell levels left.
You knew the following spells:

 Your Spells              Type           Power        Failure   Level
a - Magic Dart            Conj           ###.         1%          1
b - Blink                 Tloc           N/A          12%         2
c - Call Imp              Summ           #.......     12%         2
d - Mephitic Cloud        Conj/Pois/Air  ##......     19%         3

Your spell library contained the following spells:

 Spells                   Type           Power        Failure   Level
 Conjure Flame            Conj/Fire      ##......     12%         3
 Slow                     Hex            #.......     19%         2


Dungeon Overview and Level Annotations

Branches:
Dungeon (6/15)             Temple (1/1) D:5

Altars:
Ashenzari
Cheibriados
Dithmenos
Elyvilon
Hepliaklqana
Kikubaaqudgha
Makhleb
Nemelex Xobeh
Okawaru
Qazlal
Ru
Sif Muna
Vehumet
Wu Jian
Xom
Yredelemnul
The Shining One

Annotations:
D:6 3 runed translucent doors, TryExcept's ghost, novice DgTm; nj0rd12's ghost, novice GnIE


Innate Abilities, Weirdness & Mutations

You cannot wear most types of armour.
You are very stealthy in the water. (Stealth+)
You are amphibious.
You can wear up to eight rings at the same time.
You can use your tentacles to constrict eight enemies at once.
Your skin changes colour to match your surroundings (Stealth+).
Your rubbery body absorbs attacks. (AC +1, EV +1)


Message History

The orc priest is heavily wounded.
You constrict the orc priest.
Your shadow imp barely misses the ogre.
The ogre hits your shadow imp with a +0 giant spiked club!
Your shadow imp dies!
The orc priest escapes!
An orc comes into view. It is wielding a +0 flail.
The orc shouts!
The orc priest closely misses you.
The orc wizard casts a spell.
The orc wizard flickers and vanishes!
You hit the ogre.
The ogre is almost dead.
You feel sick.
The ogre hits you with a +0 giant spiked club!!
The hound bites you.
Okay, then.
It was a potion of haste.
You feel yourself speed up. The hound bites you.
* * * LOW HITPOINT WARNING * * *
The ogre hits you with a +0 giant spiked club!!
You die...

..................# ♣W(.....♣
.................######+++####
.............................#
.(.................##........##
...........o..................#
...................##........##
.........#.................###
#...........oOh......#.#..##
###........###@##..###.....##
#.........#......###......#
##................#......##
##..................##.##
#..........÷...........##
#.........<............#
.......................#
.#.....##..##.......[.##
##....##.###..........##


You could see an ogre, a hound, an orc priest (confused) and an orc.

Vanquished Creatures
  Menkaure (D:4)
  An orc warrior (D:5)
  A phantom (D:4)
  An ice beast (D:6)
  A centaur (D:5)
  4 crimson imps (D:4)
  3 hounds
  An iguana (D:6)
  6 orc wizards
  Jessica (D:2)
  4 worker ants
  7 adders
  An ufetubus (D:5)
  2 oozes
  2 worms
  5 leopard geckos
  23 orcs
  2 ball pythons (D:3)
  9 bats
  6 giant cockroaches
  12 goblins
  13 hobgoblins
  11 jackals
  9 kobolds
  A quokka (D:5)
  A ball python zombie (D:5)
  5 frilled lizards
  A leopard gecko skeleton (D:5)
  9 rats
143 creatures vanquished.

Vanquished Creatures (others)
  2 withered plants (D:4)
2 creatures vanquished.

Grand Total: 145 creatures vanquished

Notes
Turn   | Place    | Note
-------+----------+-------------------------------------------
     0 | D:1      | Kaptain the Octopode Hedge Wizard began the quest for the
                  | Orb.
     0 | D:1      | Reached XP level 1. HP: 11/11 MP: 4/4
   361 | D:1      | Reached XP level 2. HP: 9/18 MP: 0/6
  1021 | D:1      | Reached XP level 3. HP: 18/22 MP: 0/7
  1347 | D:1      | Learned a level 2 spell: Blink
  1350 | D:1      | Learned a level 2 spell: Call Imp
  1354 | D:1      | Learned a level 3 spell: Mephitic Cloud
  1694 | D:2      | Noticed Jessica
  2162 | D:2      | Killed Jessica
  2162 | D:2      | Reached skill level 1 in Fighting
  2162 | D:2      | Reached XP level 4. HP: 28/28 MP: 4/9
  2450 | D:2      | Found a shattered altar of Ashenzari.
  3029 | D:2      | Reached XP level 5. HP: 24/33 MP: 5/10
  3310 | D:2      | Found a stormy altar of Qazlal.
  4641 | D:4      | Found a hazy altar of Hepliaklqana.
  4645 | D:4      | Reached XP level 6. HP: 36/39 MP: 8/12
  5382 | D:4      | Reached XP level 7. HP: 25/45 MP: 4/13
  5558 | D:4      | Found a shimmering altar of Xom.
  5938 | D:4      | Noticed Menkaure
  5943 | D:4      | Killed Menkaure
  5943 | D:4      | Reached skill level 5 in Stealth
  5943 | D:4      | Reached skill level 5 in Spellcasting
  5966 | D:4      | Found a burning altar of Makhleb.
  6365 | D:4      | Found a basalt altar of Yredelemnul.
  6662 | D:5      | Entered Level 5 of the Dungeon
  6692 | D:5      | Found a staircase to the Ecumenical Temple.
  6706 | Temple   | Entered the Ecumenical Temple
  6948 | D:5      | Reached XP level 8. HP: 47/51 MP: 3/15
  7140 | D:5      | Reached skill level 5 in Conjurations
  7415 | D:5      | Found an ornate altar of the Wu Jian Council.
  7612 | D:5      | Found a shimmering blue altar of Sif Muna.
  8155 | D:6      | Found a runed translucent gate.
  8155 | D:6      | Found a runed translucent gate.
  8155 | D:6      | Found a runed translucent gate.
  8159 | D:6      | Noticed TryExcept's ghost (novice DgTm)
  8159 | D:6      | Noticed nj0rd12's ghost (novice GnIE)
  8208 | D:6      | Mangled by an ogre

Illustrated notes

Levels and vault maps discovered:
D:1:      matt_arrival_spirals, layout_loops_ring
D:2:      cheibrodos_greedy_goblins, layout_rooms, marbit_many_paths,
          lemuel_round_altar, uniq_jessica
D:3:      layout_loops_ring
D:4:      layout_loops_corners, makhleb_heckhound_becter, lemuel_crystal_altar,
          yredelemnul_altar_generic, led_xom_imps, uniq_menkaure
D:5:      old_forge, layout_cave_pods, led_sif_pool, kennysheep_little_box,
          minmay_temple_entry_statues, minmay_misc_feat_pillars
D:6:      layout_cave_pools, gammafunk_temple_overflow_statue,
          gammafunk_ghost_cemetery, uniq_crazy_yiuf_cottage
Temple:   dpeg_three_leaves_temple

Skill      XL: |  1  2  3  4  5  6  7  8 |
---------------+-------------------------+-----
Stealth        | 3 4 5 |  5.9
Conjurations   | 2 3 4 5 |  5.4
Fighting       | 1 2 3 |  3.4
Spellcasting   | 4 5 |  5.7
Dodging        | 3 4 |  4.0
Summonings     | |  1.0
Translocations | |  1.0

Action                   |  1- 3 |  4- 6 |  7- 9 || total
-------------------------+-------+-------+-------++-------
Melee: Short sword       |    23 |    32 |       ||    55
       Dagger            |     2 |    17 |    57 ||    76
       Constrict         |     6 |    22 |    21 ||    49
       Tentacles         |     2 |     9 |     7 ||    18
       Rapier            |       |    36 |    16 ||    52
 Cast: Magic Dart        |    92 |   151 |   113 ||   356
       Mephitic Cloud    |     1 |     3 |     8 ||    12
       Blink             |       |       |     3 ||     3
       Call Imp          |       |       |     1 ||     1
  Use: Scroll            |     2 |     4 |       ||     6
       Potion            |     1 |     1 |     5 ||     7
 Stab: Confused          |     2 |     5 |       ||     7
       Sleeping          |       |     5 |     1 ||     6
       Invisible         |       |       |     2 ||     2
Armor: Skin              |     1 |     3 |     2 ||     6
Dodge: Dodged            |    41 |    52 |    70 ||   163

Table legend: (Time is in decaauts)
 A = Elapsed time spent in this place.
 B = Non-inter-level travel time spent in this place.
 C = Inter-level travel time spent in this place.
 D = Time resting spent in this place.
 E = Time spent auto-exploring this place.
 F = Levels seen in this place.
 G = Mean time per level.
                   A        B        C        D        E       F      G
               +--------+--------+--------+--------+--------+-----+--------+
         Total |   8250 |   8109 |    141 |   3801 |   3001 |   7 | 1178.6 |
       Dungeon |   8167 |   8041 |    126 |   3801 |   2934 |   6 | 1361.2 |
        Temple |     83 |     68 |     15 |      0 |     67 |   1 |   83.0 |
               +--------+--------+--------+--------+--------+-----+--------+

Top non-repeatable levels by time:
     D:4: 2171 daAuts
     D:1: 1853 daAuts
     D:2: 1548 daAuts
     D:5: 1132 daAuts
     D:3: 1129 daAuts
     D:6: 332 daAuts
  Temple: 83 daAuts
